 Dungeon Crawl Stone Soup version 0.21.1-1-g345015f (webtiles) character file.

11305 twistedcrescendo the Fighter (level 11, -3/110 HPs)
             Began as a Minotaur Berserker on June 19, 2018.
             Was a High Priest of Trog.
             Slain by a seven-headed hydra (9 damage)
             ... on level 1 of the Lair of Beasts.
             The game lasted 00:51:41 (7690 turns).

twistedcrescendo the Fighter (Minotaur Berserker)   Turns: 7690, Time: 00:51:43

Health: -3/110     AC: 22    Str: 21    XL:     11   Next: 47%
Magic:  10/10      EV: 10    Int:  4    God:    Trog [*****.]
Gold:   341        SH:  0    Dex: 14    Spells: 10/10 levels left

rFire    . . .     SeeInvis .   q - +7 great mace "Undeadhunter" {disrupt, rN+}
rCold    . . .     Gourm    .   (shield currently unavailable)
rNeg     + . .     Faith    .   f - +0 plate armour
rPois    .         Spirit   .   m - +2 hat
rElec    .         Reflect  .   (no cloak)
rCorr    .         Harm     .   j - +2 pair of gloves
MR       .....                  i - +2 pair of boots {Fly}
Stlth    ..........             I - amulet of regeneration
HPRegen  0.68/turn              (no ring)
MPRegen  0.12/turn              (no ring)

@: berserk cooldown, flying, slowed, very slow
A: retaliatory headbutt, horns 2
a: Berserk, Trog's Hand, Brothers in Arms, Burn Spellbooks, Renounce Religion,
Stop Flying


You were on level 1 of the Lair of Beasts.
You worshipped Trog.
Trog was extremely pleased with you.
You were near starving.

You visited 2 branches of the dungeon, and saw 10 of its levels.

You collected 522 gold pieces.
You spent 181 gold pieces at shops.

Inventory:

Hand Weapons
 a - a +0 mace of freezing
 q - the +7 great mace "Undeadhunter" (weapon) {disrupt, rN+}
   (You found it on level 8 of the Dungeon)

   It protects you from negative energy.
 E - a +2 whip of flaming
Missiles
 H - 5 poisoned tomahawks (quivered)
Armour
 f - a +0 plate armour (worn)
 i - a +2 pair of boots of flying (worn)
 j - a +2 pair of gloves (worn)
 m - a +2 hat (worn)
Jewellery
 I - an amulet of regeneration (around neck)
Wands
 w - a wand of random effects (38)
 C - a wand of digging (19)
 F - a wand of enslavement (35)
 J - a wand of polymorph (13)
Scrolls
 e - 5 scrolls of remove curse
 h - 2 scrolls of fear
 n - a scroll of magic mapping
 p - 2 scrolls of identify
 s - a scroll of teleportation
 t - a scroll of enchant armour
 u - a scroll of enchant weapon {unknown}
 v - 4 scrolls of immolation
 G - a scroll of blinking
Potions
 d - 6 potions of flight
 g - 2 potions of might
 k - 3 potions of resistance
 l - a potion of mutation {unknown}
 o - 2 potions of lignification
 r - 2 potions of haste
 x - 3 potions of agility {unknown}
 z - 3 potions of curing
 A - a potion of heal wounds {unknown}
 B - 2 potions of ambrosia {unknown}
 D - 3 potions of degeneration
Comestibles
 c - 21 rations


   Skills:
 + Level 14.1 Fighting
 - Level 12.0 Maces & Flails
 + Level 8.8 Armour
 + Level 8.0 Dodging


You had 10 spell levels left.
You didn't know any spells.

Dungeon Overview and Level Annotations

Branches:
Dungeon (9/15)             Temple (0/1) D:6            Lair (1/6) D:9
    Orc: D:9-12

Altars:
Kikubaaqudgha
Makhleb
Okawaru
Qazlal
Ru
Trog

Shops:
D:4 :*[*(   D:7 *[(!   D:8 %   D:9 [%


Innate Abilities, Weirdness & Mutations

You reflexively headbutt those who attack you in melee.
You have a pair of horns on your head.


Message History

The komodo dragon bites you!!
* * * LOW HITPOINT WARNING * * *
You are no longer berserk.
You are exhausted.
You feel yourself slow down. The komodo dragon barely misses you.
Things that are here:
a yak corpse; a basilisk corpse The blink frog hits you but does no damage.
The komodo dragon barely misses you.
The komodo dragon bites you but does no damage.
Your skin stops crawling.
You feel less resistant to hostile enchantments.
The komodo dragon bites you.
* * * LOW HITPOINT WARNING * * *
The seven-headed hydra bites you but does no damage. x2
The seven-headed hydra barely misses you.
The seven-headed hydra bites you but does no damage. x2
The seven-headed hydra barely misses you.
The seven-headed hydra bites you!
You die...
PPPPPPP........##..........##.... .P.PPPP...#..###............#..#.
P.PPPPPPP#######...^........###..
P PPPPPP.

#...########...##P.
PP
##..##.†....##..##..
P.
#...#†$†.....##..##.
P.
##.##F.######..##.##.
P. #.[#Dl## #..#. ..
#.##@#.≈..... ##.#.
#. #....#..#.>#. #.##
.# #.#..#..#P)#. #.#
# #†##.##...$.≈ ##.#
# #..#..##....# #..#
# ##.##..###### ##.##
# ##.^##.... ##..#
#.# #.# #.#..##.....
##..## ...##..####
#.#...########...####


You could see a seven-headed hydra, a komodo dragon and a blink frog.

Vanquished Creatures
  Gastronok (D:8)
  A two-headed ogre (D:8)
  A death yak (Lair:1)
  Pikel (D:5)
  A spiny frog (Lair:1)
  A troll (D:9)
  2 hippogriffs (Lair:1)
  The ghost of Paps the Sneak, an amateur OpEn (D:4)
  Sigmund (D:3)
  17 yaks (Lair:1)
  A basilisk (Lair:1)
  A hungry ghost (D:7)
  2 wargs (D:9)
  Menkaure (D:7)
  3 water moccasins
  3 orc warriors
  A porcupine (Lair:1)
  A sky beast (D:8)
  A slave (D:5)
  3 ice beasts
  A black bear (D:7)
  3 ogres
  2 centaurs (D:6)
  3 crocodiles (Lair:1)
  A big kobold (D:9)
  Blork the orc (D:5)
  4 bullfrogs
  3 scorpions
  4 killer bees (D:8)
  5 howler monkeys (D:8)
  An electric eel (D:8)
  5 crimson imps
  4 hounds
  A centaur skeleton (D:5)
  An orc priest (D:9)
  7 orc wizards
  4 bullfrog skeletons
  Natasha (thrice) (D:4)
  An iguana (D:9)
  Ijyb (D:5)
  5 worker ants
  A killer bee zombie (D:8)
  A hound zombie (D:6)
  A worker ant zombie (D:7)
  3 adders
  2 shadow imps
  2 oozes
  2 adder skeletons
  4 worms
  2 dart slugs (D:1)
  29 orcs
  2 giant cockroaches
  7 goblins
  4 hobgoblins
  4 jackals (D:1)
  13 kobolds
  2 quokkas
  4 ball pythons
  11 bats
  A frilled lizard (D:1)
  2 leopard gecko skeletons
  A leopard gecko zombie (D:8)
  A quokka skeleton (D:5)
  5 rats
208 creatures vanquished.

Vanquished Creatures (others)
  A centaur skeleton (D:5)
  A worm (D:5)
  3 orcs (D:5)
  A kobold (D:9)
  A fungus (Lair:1)
7 creatures vanquished.

Grand Total: 215 creatures vanquished

Notes
Turn   | Place    | Note
-------+----------+-------------------------------------------
     0 | D:1      | twistedcrescendo the Minotaur Berserker began the quest for the Orb.
     0 | D:1      | Reached XP level 1. HP: 19/19 MP: 0/0
   225 | D:1      | Reached XP level 2. HP: 23/27 MP: 1/1
   322 | D:1      | Reached skill level 4 in Fighting
   985 | D:2      | Reached XP level 3. HP: 33/33 MP: 2/2
  1028 | D:2      | Reached ** piety under Trog
  2013 | D:3      | Reached XP level 4. HP: 32/41 MP: 3/3
  2015 | D:3      | Reached skill level 5 in Maces & Flails
  2123 | D:3      | Noticed Sigmund
  2143 | D:3      | Killed Sigmund
  2143 | D:3      | Reached skill level 6 in Fighting
  2143 | D:3      | Reached XP level 5. HP: 34/50 MP: 4/4
  2792 | D:4      | Found Vaunwup's Assorted Antiques.
  2795 | D:4      | Found Fafig's Book Shop.
  2799 | D:4      | Bought a white potion for 18 gold pieces
  2799 | D:4      | Bought a sapphire potion for 18 gold pieces
  2799 | D:4      | Bought a scroll labeled UVOINOGI EWIC for 20 gold pieces
  2799 | D:4      | Bought an inky potion for 18 gold pieces
  2799 | D:4      | Bought a scroll labeled JIOJIA CUFYPP for 20 gold pieces
  2824 | D:4      | Noticed an ogre
  2825 | D:4      | Found Cucvenot's Antique Weapon Boutique.
  2832 | D:4      | Killed an ogre
  2832 | D:4      | Reached XP level 6. HP: 27/58 MP: 5/5
  2848 | D:4      | Noticed Natasha
  2861 | D:4      | Killed Natasha
  2906 | D:4      | Found Wughugh's Antique Armour Shop.
  2921 | D:4      | Noticed Natasha
  2923 | D:4      | Killed Natasha
  2933 | D:4      | Noticed Paps's ghost (amateur OpEn)
  2945 | D:4      | Killed Paps's ghost
  2945 | D:4      | Reached skill level 7 in Fighting
  2945 | D:4      | Reached XP level 7. HP: 66/66 MP: 6/6
  3020 | D:4      | Noticed Natasha
  3034 | D:4      | Killed Natasha
  3097 | D:4      | Found Agecimumo's Assorted Antiques.
  3155 | D:4      | Reached *** piety under Trog
  3262 | D:5      | Entered Level 5 of the Dungeon
  3273 | D:5      | Noticed Pikel
  3435 | D:5      | Killed Pikel
  3435 | D:5      | Reached skill level 8 in Fighting
  3435 | D:5      | Reached XP level 8. HP: 77/77 MP: 7/7
  3692 | D:5      | Reached skill level 9 in Fighting
  3709 | D:5      | Noticed Ijyb
  3722 | D:5      | Killed Ijyb
  3783 | D:5      | Noticed Blork the orc
  3796 | D:5      | Killed Blork the orc
  4070 | D:6      | Reached skill level 10 in Maces & Flails
  4149 | D:6      | Reached skill level 10 in Fighting
  4349 | D:6      | Found a staircase to the Ecumenical Temple.
  4725 | D:7      | Reached XP level 9. HP: 71/86 MP: 8/8
  4793 | D:7      | Got a dazzling hand axe
  4797 | D:7      | Got a polished long sword
  4813 | D:7      | Found Ymerreull's Armour Boutique.
  4955 | D:7      | Found Zeureul's Assorted Antiques.
  4963 | D:7      | Bought a scroll labeled MOLICE FENA for 31 gold pieces
  4983 | D:7      | Found Ekkirr's Antique Weapon Shop.
  4999 | D:7      | Found Keysoaw's Distillery.
  5002 | D:7      | Bought a potion of degeneration for 14 gold pieces
  5002 | D:7      | Bought a potion of curing for 42 gold pieces
  5120 | D:7      | Noticed Menkaure
  5125 | D:7      | Killed Menkaure
  5143 | D:7      | Reached skill level 11 in Fighting
  5223 | D:7      | Identified the cursed +2 hand axe "Apuhun" {protect, MR+} (You found it on level 7 of the Dungeon)
  5300 | D:8      | Reached **** piety under Trog
  5307 | D:8      | Noticed a two-headed ogre
  5320 | D:8      | Killed a two-headed ogre
  5320 | D:8      | Reached skill level 12 in Fighting
  5340 | D:8      | Identified the +4 long sword "Orb Guardian's Regret" {freeze, rF+ Int+2} (You found it on level 7 of the Dungeon)
  5403 | D:8      | Found Viycait's Food Shop.
  5429 | D:8      | Found a bloodstained altar of Trog.
  5476 | D:8      | Noticed Gastronok
  5496 | D:8      | Killed Gastronok
  5496 | D:8      | Reached skill level 5 in Armour
  5496 | D:8      | Reached XP level 10. HP: 86/100 MP: 9/9
  5634 | D:8      | Found a sacrificial altar of Ru.
  5635 | D:8      | Found a stormy altar of Qazlal.
  5636 | D:8      | Found a burning altar of Makhleb.
  5636 | D:8      | Found an ancient bone altar of Kikubaaqudgha.
  5636 | D:8      | Found a bloodstained altar of Trog.
  5636 | D:8      | Found an iron altar of Okawaru.
  5740 | D:8      | Reached skill level 5 in Dodging
  6033 | D:8      | Found the +7 great mace "Undeadhunter" {disrupt, rN+}
  6397 | D:9      | Reached skill level 13 in Fighting
  6424 | D:9      | Found a staircase to the Lair.
  6657 | D:9      | Found Xaorullu's Armour Boutique.
  6673 | D:9      | Found Xusuc's Food Shop.
  6979 | Lair:1   | Entered Level 1 of the Lair of Beasts
  7020 | Lair:1   | Reached ***** piety under Trog
  7031 | Lair:1   | Reached XP level 11. HP: 107/107 MP: 10/10
  7663 | Lair:1   | Noticed a death yak
  7669 | Lair:1   | Noticed a seven-headed hydra
  7682 | Lair:1   | Reached skill level 14 in Fighting
  7686 | Lair:1   | Killed a death yak
  7686 | Lair:1   | HP: 1/165 [komodo dragon (20)]
  7690 | Lair:1   | Slain by a seven-headed hydra

Skill      XL: |  1  2  3  4  5  6  7  8  9 10 11 |
---------------+----------------------------------+-----
Maces & Flails | 4 6 7 8 10 12 | 12.0
Fighting       | 4 6 7 8 10 12 13 14 | 14.1
Armour         | 5 7 8 |  8.8
Dodging        | 4 6 8 |  8.0

Action                   |  1- 3 |  4- 6 |  7- 9 | 10-12 || total
-------------------------+-------+-------+-------+-------++-------
Melee: Mace              |    87 |    54 |    82 |    64 ||   287
       Headbutt          |     9 |     4 |    65 |    43 ||   121
       Whip              |       |       |   122 |       ||   122
       Unarmed           |       |       |     2 |       ||     2
       Hand axe          |       |       |    45 |       ||    45
       Great mace        |       |       |       |   155 ||   155
Invok: Berserk           |       |     3 |     4 |     3 ||    10
       Trog's Hand       |       |     2 |     1 |     1 ||     4
 Abil: Stop Flying       |       |       |       |     1 ||     1
       Evoke Flight      |       |       |       |     1 ||     1
Evoke: Wand              |       |       |     1 |       ||     1
  Use: Scroll            |     1 |     1 |    17 |     4 ||    23
 Stab: Confused          |       |       |     1 |       ||     1
  Eat: Chunk             |     3 |     6 |    15 |    10 ||    34
Armor: Animal skin       |    16 |       |       |       ||    16
       Leather armour    |     5 |     5 |    14 |       ||    24
       Chain mail        |       |       |    18 |       ||    18
       Plate armour      |       |       |    44 |   229 ||   273
Dodge: Dodged            |    65 |    30 |    94 |   142 ||   331
